 Dungeon Sprint DCSS version 0.23.0-33-g5e6c059 (webtiles) character file.

Game seed: 11189490295483954526

17399 nuthulu the Warrior (level 12, -16/125 HPs)
             Began as a Minotaur Fighter on Feb 26, 2019.
             Was the Champion of Yredelemnul.
             Killed from afar by a lich (48 damage)
             ... with a bolt of lightning
             ... in the Dungeon (Sprint VII: "The Pits").
             The game lasted 00:07:38 (1937 turns).

nuthulu the Warrior (Minotaur Fighter)              Turns: 1937, Time: 00:07:39

Health: -16/125    AC: 23    Str: 25    XL:     12   Next: 18%
Magic:  19/19      EV: 11    Int:  8    God:    Yredelemnul [******]
Gold:   57         SH: 21    Dex: 11    Spells: 11/11 levels left

rFire    . . .     SeeInvis .   u - +1 broad axe (freeze)
rCold    . . .     Gourm    .   C - +0 large shield
rNeg     . . .     Faith    .   q - +2 plate armour
rPois    .         Spirit   .   w - +2 hat
rElec    .         Reflect  .   t - +0 cloak
rCorr    .         Harm     .   (no gloves)
MR       .....     NoTele   +   (no boots)
Stlth    ..........             (no amulet)
HPRegen  0.30/turn              r - +3 ring of evasion
MPRegen  0.16/turn              p - +3 ring of intelligence

@: wreathed by umbra
A: retaliatory headbutt, horns 2
a: Recall Undead Slaves, Injury Mirror, Animate Dead, Drain Life, Enslave Soul,
Renounce Religion


You were in the Dungeon.
You worshipped Yredelemnul.
Yredelemnul was exalted by your worship.
You were not hungry.

You visited 1 branch You collected 57 gold pieces.

Inventory:

Hand Weapons
 a - a +0 war axe
 u - a +1 broad axe of freezing (weapon)
Armour
 b - a +0 scale mail
 c - a +0 shield
 q - a +2 plate armour (worn)
 t - a +0 cloak (worn)
 w - a +2 hat (worn)
 C - a +0 large shield (worn)
Jewellery
 p - a +3 ring of intelligence (right hand)
 r - a +3 ring of evasion (left hand)
 y - an uncursed ring of wizardry
Scrolls
 k - 3 scrolls of blinking
 m - 4 scrolls of remove curse
 n - 5 scrolls of amnesia
 o - a scroll of summoning
 z - 2 scrolls of fear
 A - a scroll of identify
 B - a scroll of fog
Potions
 d - 2 potions of might
 e - 7 potions of curing
 g - 8 potions of heal wounds
 h - 4 potions of haste
 i - 3 potions of magic
 j - 4 potions of berserk rage
 l - 2 potions of invisibility
 s - a potion of resistance
 v - 4 potions of agility
 x - 2 potions of brilliance
Comestibles
 f - 9 rations
 D - 3 chunks of flesh


   Skills:
 + Level 17.1 Fighting
 + Level 16.9 Axes
 + Level 17.1 Armour
 + Level 3.3 Dodging
 + Level 17.1 Shields
 - Level 10.8 Invocations


You had 11 spell levels left.
You didn't know any spells.
Your spell library was empty.

Dungeon Overview and Level Annotations

Branches:
Dungeon (1/1)

Altars:
Ashenzari
Cheibriados
Dithmenos
Elyvilon
Fedhas
Gozag
Hepliaklqana
Kikubaaqudgha
Makhleb
Nemelex Xobeh
Okawaru
Qazlal
Ru
Sif Muna
Trog
Uskayaw
Vehumet
Wu Jian
Xom
Yredelemnul
Zin
The Shining One
Beogh
Jiyva
Lugonu


Innate Abilities, Weirdness & Mutations

You reflexively headbutt those who attack you in melee.
You have a pair of horns on your head.


Message History

You feel a bit more experienced. Yredelemnul grants you a flayed ghost!
Something barely misses your phantasmal warrior.
Your profane servitor closely misses something.
Your profane servitor barely misses something.
Your phantasmal warrior hits something!!
Yredelemnul accepts your kill.
You feel a bit more experienced.
Unknown command.
Unknown command.
You open the door.
Something hits the swamp drake!
The swamp drake dies!
Yredelemnul accepts your kill.
Your profane servitor hits the lich but does no damage.
Your profane servitor barely misses the lich.
The lich gestures at you while chanting.
The bolt of lightning hits your flayed ghost!!!
The bolt of lightning hits you!!!
You die...
Your body rises from the dead as a mindless zombie.

.Vn..M...'W.Dz.......#*,,+,,,,,,,
#######W.##Wn#....#..#*,,*++*++*+
#A#D#.#.W##..D.......++,,,,,*,,,,
)#.#.##n.##.Vz.......++,,,,,*,,,,
#.#z#[#W.####WW####++#***********
V#V#D##zW####Wn###*++************
#n#n#.#Vz##WWWnz.#*,,,,,,,,,,,,,,
#######.V##.#A##z#*,,,,,,,,,,,,,,
.........##.#|LW@#*,,************
.........##.D4.#.#*,,*,,,*,*,*,*,
###########.#)}+.#*,,*,*,*,*,*,*,
######****#.+%}#.#*,,*,,,*,*,*,,,
.....#*,,*#,##+#.#*,,**,**,*,*,*,
.....#*,,**,,,,..#*,,*,,,*+*+*,,,
.....++,,******###*,,*,*,*,,,*,*,
.....++,,**********,,*,,,*,,,,,,,
.....#*,,,,,,,,,,,,,,*+***,*,*,*,


You could see a shadow dragon, a lich, a chaos spawn, a friendly bone dragon, a
friendly profane servitor, 2 friendly ghouls, a friendly skeletal warrior, 4
friendly flayed ghosts, a friendly vampire and 2 friendly wights.

Vanquished Creatures
  A daeva (D)
  2 manticores (D)
  A black mamba (D)
  Psyche (D)
  A rime drake (D)
  A hornet (D)
  A hippogriff (D)
  4 blink frogs (D)
  A spriggan (D)
  A redback (D)
  A fire elemental (D)
  A fire bat (D)
  Edmund (D)
  A swamp drake (D)
  A black bear (D)
  An ice beast (D)
  3 wolves (D)
  2 killer bees (D)
  3 wights (D)
  A jelly (D)
  An orc priest (D)
  A gnoll shaman (D)
  6 gnolls (D)
  A river rat (D)
  2 ufetubi (D)
  2 oozes (D)
  An adder skeleton (D)
  2 leopard geckos (D)
  4 orcs (D)
  A hobgoblin (D)
  5 jackals (D)
  4 kobolds (D)
59 creatures vanquished.

Vanquished Creatures (collateral kills)
  Gastronok (D)
  A death cob (D)
  A nagaraja (D)
  A vampire knight (D)
  A deep elf annihilator (D)
  An eidolon (D)
  A merfolk javelineer (D)
  A spriggan air mage (D)
  2 death yaks (D)
  Urug (D)
  A sixfirhy (D)
  A flayed ghost (D)
  A wizard (D)
  A phantasmal warrior (D)
  A deep elf mage (D)
  A manticore (D)
  An orange demon (D)
  A spiny frog (D)
  A rime drake (D)
  An ice devil (D)
  3 kobold demonologists (D)
  A wandering mushroom (D)
  3 merfolk (D)
  4 blink frogs (D)
  A hippogriff (D)
  An air elemental (D)
  A redback (D)
  2 large abominations (D)
  A vampire (D)
  A wraith (D)
  A hungry ghost (D)
  2 water moccasins (D)
  A sky beast (D)
  A swamp drake (D)
  2 phantoms (D)
  4 wolves (D)
  A big kobold (D)
  A gnoll sergeant (D)
  9 killer bees (D)
  An orc wizard (D)
  2 gnolls (D)
  A leopard gecko (D)
  2 jackals (D)
67 creatures vanquished.

Vanquished Creatures (others)
  A vampire knight (D)
  2 skeletal warriors (D)
  3 phantasmal warriors (D)
  A snapping turtle (D)
  2 flying skulls (D)
  A vampire (D)
  A small abomination (D)
  A giant cockroach simulacrum (D)
12 creatures vanquished.

Grand Total: 138 creatures vanquished

Notes
Turn   | Place    | Note
-------+----------+-------------------------------------------
     0 | D        | nuthulu the Minotaur Fighter began the quest for the Orb.
     0 | D        | Reached XP level 1. HP: 19/19 MP: 0/0
   282 | D        | Found a glowing golden altar of the Shining One.
   282 | D        | Found a glowing silver altar of Zin.
   282 | D        | Found a basalt altar of Yredelemnul.
   282 | D        | Found a shimmering altar of Xom.
   282 | D        | Found an ornate altar of the Wu Jian Council.
   282 | D        | Found a bloodstained altar of Trog.
   282 | D        | Found a deep blue altar of Sif Muna.
   282 | D        | Found a sacrificial altar of Ru.
   282 | D        | Found a stormy altar of Qazlal.
   282 | D        | Found an iron altar of Okawaru.
   282 | D        | Found a sparkling altar of Nemelex Xobeh.
   282 | D        | Found a burning altar of Makhleb.
   282 | D        | Found a viscous altar of Jiyva.
   282 | D        | Found a hazy altar of Hepliaklqana.
   282 | D        | Found an opulent altar of Gozag.
   282 | D        | Found a blossoming altar of Fedhas.
   282 | D        | Found a white marble altar of Elyvilon.
   282 | D        | Found a shadowy altar of Dithmenos.
   282 | D        | Found a snail-covered altar of Cheibriados.
   283 | D        | Found a radiant altar of Vehumet.
   283 | D        | Found a corrupted altar of Lugonu.
   283 | D        | Found a roughly hewn altar of Beogh.
   284 | D        | Found a hide-covered altar of Uskayaw.
   284 | D        | Found an ancient bone altar of Kikubaaqudgha.
   284 | D        | Found a shattered altar of Ashenzari.
   288 | D        | Became a worshipper of Yredelemnul the Dark
   301 | D        | Reached XP level 2. HP: 28/28 MP: 1/1
   310 | D        | Reached * piety under Yredelemnul
   360 | D        | Noticed an ice beast
   363 | D        | Reached skill level 5 in Fighting
   363 | D        | Reached skill level 5 in Armour
   363 | D        | Reached skill level 5 in Shields
   368 | D        | Reached ** piety under Yredelemnul
   368 | D        | Reached XP level 3. HP: 31/36 MP: 2/2
   376 | D        | Killed an ice beast
   376 | D        | Reached XP level 4. HP: 14/45 MP: 3/3
   655 | D        | Reached *** piety under Yredelemnul
   655 | D        | Reached XP level 5. HP: 49/52 MP: 4/4
   656 | D        | Received a gift from Yredelemnul (a wight)
   664 | D        | Received a gift from Yredelemnul (a wight)
   682 | D        | Noticed a wolf
   683 | D        | Noticed a hungry ghost
   687 | D        | Killed a wolf
   688 | D        | Received a gift from Yredelemnul (a mummy)
   688 | D        | Reached **** piety under Yredelemnul
   688 | D        | Reached XP level 6. HP: 61/62 MP: 5/5
   703 | D        | Killed a hungry ghost
   704 | D        | Received a gift from Yredelemnul (2 flying skulls)
   729 | D        | Noticed Edmund
   731 | D        | Received a gift from Yredelemnul (a wraith)
   735 | D        | Reached XP level 7. HP: 67/71 MP: 6/6
   756 | D        | Killed Edmund
   756 | D        | Reached skill level 10 in Fighting
   756 | D        | Reached skill level 10 in Armour
   756 | D        | Reached skill level 10 in Shields
   756 | D        | Received a gift from Yredelemnul (a wight)
   765 | D        | Noticed a hippogriff
   768 | D        | Reached skill level 10 in Axes
   768 | D        | Received a gift from Yredelemnul (a wight)
   772 | D        | Reached ***** piety under Yredelemnul
   773 | D        | Killed a hippogriff
   773 | D        | Reached XP level 8. HP: 67/82 MP: 7/7
   887 | D        | Noticed a black mamba
   887 | D        | Noticed a manticore
   894 | D        | Killed a black mamba
   894 | D        | Received a gift from Yredelemnul (a wraith)
   899 | D        | Killed a manticore
   900 | D        | Received a gift from Yredelemnul (a skeletal warrior)
   980 | D        | Noticed a blink frog
   980 | D        | Noticed a blink frog
   980 | D        | Noticed a blink frog
   980 | D        | Noticed a blink frog
   985 | D        | Noticed a blink frog
   987 | D        | Killed a blink frog
   989 | D        | Noticed a rime drake
   989 | D        | Noticed a manticore
   992 | D        | Killed a blink frog
   997 | D        | Killed a rime drake
   997 | D        | Reached ****** piety under Yredelemnul
   997 | D        | Reached skill level 1 in Invocations
   997 | D        | Reached XP level 9. HP: 31/92 MP: 1/9
   997 | D        | Killed a manticore
   997 | D        | Received a gift from Yredelemnul (a skeletal warrior)
  1006 | D        | Received a gift from Yredelemnul (a phantasmal warrior)
  1345 | D        | Received a gift from Yredelemnul (a flying skull)
  1353 | D        | Noticed a deep elf mage
  1359 | D        | Reached skill level 5 in Invocations
  1363 | D        | Killed a deep elf mage
  1363 | D        | Reached XP level 10. HP: 50/102 MP: 11/13
  1364 | D        | Received a gift from Yredelemnul (a vampire)
  1366 | D        | Received a gift from Yredelemnul (a phantasmal warrior)
  1366 | D        | Received a gift from Yredelemnul (a phantasmal warrior)
  1372 | D        | Received a gift from Yredelemnul (a vampire knight)
  1372 | D        | Received a gift from Yredelemnul (a flayed ghost)
  1384 | D        | Noticed a death yak
  1384 | D        | Noticed a spiny frog
  1384 | D        | Noticed a flayed ghost
  1390 | D        | Received a gift from Yredelemnul (a phantasmal warrior)
  1392 | D        | Received a gift from Yredelemnul (a skeletal warrior)
  1393 | D        | Killed a death yak
  1394 | D        | Received a gift from Yredelemnul (a flayed ghost)
  1395 | D        | Noticed a phantasmal warrior
  1397 | D        | Noticed a nagaraja
  1398 | D        | Noticed a merfolk javelineer
  1398 | D        | Killed a phantasmal warrior
  1399 | D        | Received a gift from Yredelemnul (a phantasmal warrior)
  1401 | D        | Killed a spiny frog
  1403 | D        | Received a gift from Yredelemnul (a bone dragon)
  1403 | D        | Noticed Gastronok
  1404 | D        | Killed a flayed ghost
  1405 | D        | Noticed a smoke demon
  1407 | D        | Killed Gastronok
  1407 | D        | Reached skill level 15 in Fighting
  1407 | D        | Reached skill level 15 in Armour
  1407 | D        | Reached skill level 15 in Shields
  1407 | D        | Killed a merfolk javelineer
  1407 | D        | Reached XP level 11. HP: 112/112 MP: 3/16
  1408 | D        | Received a gift from Yredelemnul (a vampire)
  1408 | D        | Received a gift from Yredelemnul (a vampire)
  1408 | D        | Received a gift from Yredelemnul (a ghoul)
  1415 | D        | Killed a nagaraja
  1415 | D        | Reached skill level 15 in Axes
  1420 | D        | Received a gift from Yredelemnul (a flayed ghost)
  1420 | D        | Received a gift from Yredelemnul (a vampire knight)
  1420 | D        | Received a gift from Yredelemnul (a ghoul)
  1560 | D        | Noticed Urug
  1560 | D        | Noticed Psyche
  1560 | D        | Noticed a death yak
  1566 | D        | Killed Urug
  1567 | D        | Killed Psyche
  1567 | D        | Received a gift from Yredelemnul (a flayed ghost)
  1567 | D        | Killed a death yak
  1625 | D        | Noticed a death cob
  1629 | D        | Identified the +3 scythe of Iweg {protect, rElec rC++ rN+
                  | Str-4}
  1629 | D        | Noticed a deep elf annihilator
  1634 | D        | Received a gift from Yredelemnul (a profane servitor)
  1634 | D        | Received a gift from Yredelemnul (a bone dragon)
  1635 | D        | Noticed a wizard
  1638 | D        | Killed a wizard
  1643 | D        | Received a gift from Yredelemnul (a ghoul)
  1646 | D        | Killed a death cob
  1646 | D        | Reached skill level 10 in Invocations
  1648 | D        | Received a gift from Yredelemnul (a ghoul)
  1656 | D        | Killed a deep elf annihilator
  1660 | D        | Killed a vampire knight
  1664 | D        | Received a gift from Yredelemnul (a skeletal warrior)
  1664 | D        | Received a gift from Yredelemnul (a vampire)
  1664 | D        | Noticed a daeva
  1679 | D        | Killed a daeva
  1696 | D        | Reached XP level 12. HP: 48/124 MP: 15/19
  1923 | D        | Noticed a lich
  1923 | D        | Noticed a shadow dragon
  1923 | D        | Noticed an eidolon
  1924 | D        | Noticed a spriggan air mage
  1925 | D        | Reached skill level 1 in Dodging
  1926 | D        | Received a gift from Yredelemnul (a vampire)
  1927 | D        | Killed an eidolon
  1933 | D        | Killed a spriggan air mage
  1934 | D        | Received a gift from Yredelemnul (a flayed ghost)
  1937 | D        | Killed from afar by a lich

Skill      XL: |  1  2  3  4  5  6  7  8  9 10 11 12 |
---------------+-------------------------------------+-----
Fighting       | 4 5 6 7 8 9 11 12 13 15 16 17 | 17.1
Armour         | 4 5 6 7 8 9 11 12 13 15 16 17 | 17.1
Shields        | 4 5 6 7 8 9 11 12 13 15 16 17 | 17.1
Axes           | 3 4 6 7 9 10 12 13 14 16 | 16.9
Invocations    | 1 5 8 10 | 10.8
Dodging        | 3 |  3.3

Action                   |  1- 3 |  4- 6 |  7- 9 | 10-12 || total
-------------------------+-------+-------+-------+-------++-------
Melee: War axe           |    49 |    33 |    34 |       ||   116
       Headbutt          |     5 |     5 |    20 |    12 ||    42
       Broad axe         |       |       |    55 |    55 ||   110
Invok: Drain Life        |       |       |     1 |     5 ||     6
  Use: Potion            |       |       |       |     5 ||     5
       Scroll            |       |       |       |     1 ||     1
 Stab: Distracted        |       |       |     1 |     2 ||     3
  Eat: Chunk             |       |       |     2 |     1 ||     3
       Ration            |       |       |     1 |       ||     1
Armor: Scale mail        |    19 |       |       |       ||    19
       Plate armour      |       |    20 |    35 |    27 ||    82
Dodge: Dodged            |    13 |     9 |    26 |    16 ||    64
Block: Shield            |    40 |    17 |    72 |    24 ||   153
       Large shield      |       |       |       |     6 ||     6
